Map: Prion Terraces

Players

ILLBdA

  • Race: Protoss Protoss
  • League: Diamond

HwaNDoL - Winner!

  • Race: Zerg Zerg
  • League: Diamond

VOD

Have the link to the VOD?

Description

Time

  • Played on: Dec. 31, 2015, 5:38 a.m.
  • Length: 8:36
Show
View Real Time Build Order
Export as new Build Order

ILLBdA Protoss 

Build Orders:  

Get SALT Encoding   

  12  0:01  Probe (Chrono Boost)  
  13  0:11  Probe (Chrono Boost)  
  14  0:20  Pylon  
  14  0:22  Probe (Chrono Boost)  
  15  0:38  Probe (Chrono Boost)  
  15  0:39  Forge  
  16  0:49  Probe (Chrono Boost)  
  17  0:59  Probe (Chrono Boost)  
  18  1:10  Probe (Chrono Boost)  
  19  1:18  Pylon  
  19  1:20  Probe (Chrono Boost), Pylon  
  19  1:21  Pylon  
  20  1:31  Probe (Chrono Boost)  
  21  1:36  Photon Cannon  
  21  1:38  Photon Cannon  
  21  1:51  Pylon  
  21  1:52  Pylon  
  21  1:55  Pylon  
  21  2:00  Pylon  
  21  2:05  Pylon  
  21  2:13  Probe (Chrono Boost)  
  21  2:15  Pylon  
  22  2:17  Gateway  
  22  2:19  Photon Cannon  
  22  2:22  Assimilator  
  21  2:26  Probe (Chrono Boost)  
  22  2:31  Pylon  
  22  2:36  Probe (Chrono Boost)  
  23  2:41  Pylon  
  23  2:55  Photon Cannon  
  23  2:56  Pylon  
  23  2:57  Pylon  
  23  3:04  Probe (Chrono Boost), Zealot  
  26  3:06  Cybernetics Core  
  26  3:08  Assimilator  
  26  3:13  Pylon, Assimilator  
  26  3:14  Probe (Chrono Boost)  
  27  3:25  Probe (Chrono Boost)  
  28  3:40  Pylon  
  28  3:44  Warp Gate  
  28  3:46  Zealot  
  30  3:54  Nexus  
  30  3:58  Pylon  
  30  4:05  Mothership Core (Chrono Boost)  
  32  4:23  Gateway  
  32  4:25  Pylon  
  34  4:33  Probe (Chrono Boost)  
  34  4:37  Robotics Facility  
  33  4:42  Stalker  
  33  4:44  Probe (Chrono Boost)  
  36  4:50  Pylon  
  36  4:53  Pylon  
  36  4:54  Probe (Chrono Boost)  
  37  5:05  Probe (Chrono Boost), Pylon  
  38  5:10  Sentry  
  40  5:15  Probe (Chrono Boost)  
  40  5:20  Probe (Chrono Boost)  
  42  5:23  Warp Prism  
  42  5:27  Sentry  
  46  5:48  Gateway x2  
  46  5:58  Sentry  
  48  6:04  Immortal (Chrono Boost)  
  48  6:07  Probe  
  53  6:13  Gateway  
  53  6:15  Gateway  
  53  6:24  Probe  
  54  6:37  Adept x2  
  54  6:39  Immortal (Chrono Boost)  
  58  6:59  Adept x4  
  58  7:01  Probe  
  66  7:03  Probe  
  68  7:13  Immortal (Chrono Boost)  
  68  7:14  Adept  
  68  7:15  Zealot  
  76  7:17  Assimilator  
  76  7:20  Pylon  
  76  7:26  Zealot  
  76  7:27  Adept x2, Zealot  
  84  7:37  Photon Cannon  
  84  7:40  Adept x2  
  88  7:52  Observer (Chrono Boost)  
  87  8:08  Adept x3  
  67  8:31  Adept x3  
  67  8:32  Adept  
Show
View Real Time Build Order
Export as new Build Order

HwaNDoL Zerg - Winner!

Build Orders: Hatch First 

Get SALT Encoding   

  12  0:01  Drone  
  13  0:12  Overlord  
  13  0:17  Drone  
  14  0:30  Drone x2  
  14  0:34  Drone  
  17  0:45  Drone  
  18  0:57  Hatchery  
  18  1:00  Drone  
  18  1:21  Spawning Pool  
  17  1:29  Drone  
  17  1:31  Drone  
  17  1:32  Extractor  
  18  1:51  Drone  
  18  1:52  Drone  
  20  2:01  Drone  
  20  2:36  Zergling x4  
  22  2:38  Overlord  
  22  2:39  Hatchery  
  21  2:50  Spine Crawler, Queen  
  22  3:17  Drone x2, Zergling x2  
  25  3:36  Metabolic Boost  
  25  3:48  Zergling x2  
  25  3:49  Zergling x2  
  25  3:54  Queen  
  29  3:56  Hatchery  
  29  4:02  Drone x2  
  30  4:04  Drone  
  31  4:10  Overlord  
  31  4:22  Zergling x6  
  34  4:24  Drone  
  35  4:36  Drone x3  
  38  4:50  Drone x2  
  38  4:51  Lair  
  38  4:52  Overlord  
  40  4:53  Drone  
  40  4:54  Drone  
  42  5:03  Queen  
  44  5:15  Drone  
  44  5:17  Roach Warren  
  44  5:20  Drone x4  
  48  5:21  Extractor  
  48  5:26  Queen  
  49  5:37  Drone  
  49  5:41  Drone x2  
  49  5:42  Drone x6  
  58  6:02  Extractor  
  58  6:03  Overlord x4, Extractor  
  56  6:12  Pneumatized Carapace, Overseer  
  56  6:13  Glial Reconstitution  
  56  6:15  Roach  
  58  6:24  Drone x2  
  58  6:25  Drone  
  61  6:26  Drone x3  
  61  6:27  Drone x2  
  61  6:30  Spore Crawler  
  65  6:35  Drone  
  65  6:36  Spore Crawler  
  65  6:44  Roach x6  
  75  6:56  Roach x5  
  75  7:00  Spore Crawler  
  84  7:17  Roach  
  84  7:21  Hydralisk Den  
  84  7:22  Evolution Chamber, Drone x5  
  90  7:23  Evolution Chamber  
  90  7:24  Overlord x2  
  88  7:34  Ravager x2  
  90  7:42  Overlord x2  
  90  7:44  Extractor  
  90  7:45  Ravager x3  
  90  7:46  Extractor  
  90  7:47  Overseer  
  90  7:48  Drone x5  
  90  7:49  Overlord x2  
  96  8:01  Roach x2  
  95  8:08  Hydralisk  
  95  8:09  Hydralisk x2, Roach x4  
  95  8:10  Roach  
  106  8:17  Roach  
Tags
 
Matchup
PvZ
Replay Pack
me
Add a new tag
Caveats
  • Supply blocks, unpowered buildings, or Contaminate may cause inaccurate times.
  • Supply counts are checked every 10 seconds.